 Dungeon Crawl Stone Soup version 0.30.0-15-g856e2d3f33 (webtiles) character file.

Game seed: 9427551548844599176

8165 Kenran the Slicer (level 11, -6/64 HPs)
             Began as a Gargoyle Fighter on May 19, 2023.
             Was a Priest of Okawaru.
             Killed from afar by a gargoyle (21 damage)
             ... with a stone arrow
             ... on level 10 of the Dungeon.
             The game lasted 00:22:34 (9516 turns).

Kenran the Slicer (Gargoyle Fighter)                Turns: 9516, Time: 00:22:35

Health: -6/64      AC: 21    Str: 20    XL:     11   Next: 26%
Magic:  11/11      EV: 12    Int:  9    God:    Okawaru [***...]
Gold:   955        SH:  5    Dex: 19    Spells: 10/10 levels left

rFire   + + .        a - +8 trident "Naing" {drain, rF++ rN+ Will+ rCorr}
rCold   . . .        c - +0 buckler
rNeg    + + .        O - +0 chain mail
rPois   ∞            o - +0 helmet
rElec   +            (no cloak)
rCorr   +            U - +0 pair of gloves
SInv    .            M - +0 pair of boots
Will    +....        t - amulet of regeneration Stlth
                     g - +6 ring of dexterity
HPRegen 1.10/turn    N - +5 ring of evasion
MPRegen 0.12/turn

%: no passive effects
@: hasted, very quick
A: sickness immunity, AC +8, negative energy resistance 1, electricity
resistance, torment resistance 1, petrification resistance
a: Renounce Religion, Heroism


You were on level 10 of the Dungeon.
You worshipped Okawaru.
Okawaru was most pleased with you.
You visited 2 branches of the dungeon, and saw 11 of its levels.
You also visited: Ossuary.

You collected 1084 gold pieces.
You spent 129 gold pieces at shops.

Inventory:

Hand Weapons
 a - the +8 trident "Naing" (weapon) {drain, rF++ rN+ Will+ rCorr}
   (You found it on level 9 of the Dungeon)

   rF:        It greatly protects you from fire.
   rN:        It protects you from negative energy.
   rCorr:     It protects you from acid and corrosion.
   Will:      It increases your willpower.
 b - the +8 short sword of Jaen {antimagic, rN+ Dex+3}
   (You found it on level 4 of the Dungeon)

   Dex:       It affects your dexterity (+3).
   rN:        It protects you from negative energy.
 J - a +3 scimitar of flaming
Missiles
 u - a throwing net (quivered)
Armour
 c - a +0 buckler (worn)
 o - a +0 helmet (worn)
 M - a +0 pair of boots (worn)
 O - a +0 chain mail (worn)
 U - a +0 pair of gloves (worn)
Jewellery
 e - a ring of see invisible
 g - a +6 ring of dexterity (left hand)
 t - an amulet of regeneration (around neck)
 N - a +5 ring of evasion (right hand)
 T - a ring of willpower
Wands
 p - a wand of roots (10)
 v - a wand of charming (7)
 y - a wand of flame (71)
 Q - a wand of digging (4)
 R - a wand of polymorph (1)
Scrolls
 f - a scroll of brand weapon
 h - 4 scrolls of immolation {!r}
 j - 6 scrolls of teleportation
 k - 4 scrolls of enchant armour
 m - 5 scrolls of fear
 q - 3 scrolls of amnesia
 w - 2 scrolls of butterflies
 A - 3 scrolls of poison
 C - a scroll of blinking {unknown}
 D - a scroll of enchant weapon {unknown}
 H - a scroll of torment {unknown}
 K - a scroll of magic mapping {unknown}
 S - 2 scrolls of vulnerability {!r}
Potions
 d - a potion of might
 i - 4 potions of curing {@q1}
 l - 4 potions of lignification {unknown}
 n - 2 potions of brilliance {unknown}
 r - 4 potions of attraction {unknown}
 s - 4 potions of cancellation {unknown}
 x - 3 potions of degeneration {unknown}
 z - 2 potions of resistance {unknown}
 B - 4 potions of haste
 E - 4 potions of heal wounds {unknown}
 F - 3 potions of mutation {unknown}
 G - a potion of flight {unknown}
 I - 3 potions of magic {unknown}
 L - 2 potions of ambrosia {unknown}


   Skills:
 - Level 6.0 Fighting
 - Level 9.9(10.2) Short Blades
 - Level 3.8(7.4) Long Blades
 - Level 6.2(7.8) Axes
 + Level 7.1(8.2) Polearms
 - Level 6.0 Armour
 - Level 3.2 Shields
 - Level 3.0 Evocations


You had 10 spell levels left.
You didn't know any spells.
Your spell library contained the following spells:

 Spells                   Type           Power      Damage    Failure   Level
 Foxfire                  Conj/Fire      0%         2x1d4     98%         1
 Lesser Beckoning         Tloc           0%         N/A       99%         2
 Dazzling Flash           Conj/Hex       0%         N/A       100%        3
 Gell's Gravitas          Tloc           0%         N/A       100%        3
 Teleport Other           Tloc           0%         N/A       100%        3
 Volatile Blastmotes      Fire/Tloc      0%         2d10      100%        3
 Iskenderun's Mystic Bla  Conj/Tloc      0%         2d3       100%        4
 Fireball                 Conj/Fire      0%         3d3       100%        5
 Plasma Beam              Fire/Air       0%         2x1d11    100%        6
 Starburst                Conj/Fire      0%         6d3       100%        6
 Storm Form               Tmut/Air       0%         N/A       100%        7
 Maxwell's Capacitive Co  Air            0%         ∞         100%        8
 Sublimation of Blood     Necr           Unusable   N/A       N/A         2
 Tukima's Dance           Hex            Unusable   N/A       N/A         3
 Summon Lightning Spire   Summ/Air       Unusable   N/A       N/A         4
 Haunt                    Necr/Summ      Unusable   N/A       N/A         7

Dungeon Overview and Level Annotations

Branches:
Dungeon (10/15)            Temple (1/1) D:5            Lair (0/5) D:9
Ossuary (visited)
    Orc: D:9-12

Altars:
Ashenzari
Cheibriados
Dithmenos
Elyvilon
Fedhas
Gozag
Hepliaklqana
Kikubaaqudgha
Nemelex Xobeh
Okawaru
Qazlal
Ru
Sif Muna
Trog
Uskayaw
Vehumet
Wu Jian
Xom
Yredelemnul
Zin
The Shining One

Shops:
D:2 !   D:5 *   D:9 *

Annotations:
D:3 1 runed translucent door, Crazy Yiuf
D:9 exclusion: statue


Innate Abilities, Weirdness & Mutations

You are immune to sickness and miasma.
Your stone body is resilient. (AC +8)
You are immune to poison.
You resist negative energy. (rN+)
You are resistant to electric shocks. (rElec)
You are resistant to unholy torment.
You are immune to petrification.


Message History

The yak barely misses you. The yak gores you but does no damage.
The rakshasa blinks!
You completely miss the yak. The yak barely misses you.
You block the yak's attack. The yak misses you.
You puncture the yak!
The yak is moderately wounded.
Your surroundings suddenly seem different.
A gargoyle comes into view. It is wielding a +1 heavy flail.
The gargoyle hurls a stone arrow at you.
You block the stone arrow.
You hit the gargoyle but do no damage.
The gargoyle hits you but does no damage.
You hit the gargoyle.
The gargoyle is lightly damaged.
You hit the gargoyle but do no damage.
The gargoyle is lightly damaged.
The gargoyle hits you but does no damage.
You hit the gargoyle but do no damage.
The gargoyle is lightly damaged.
The gargoyle hurls a stone arrow at you.
The stone arrow hits you!!
You hit the gargoyle but do no damage.
The gargoyle is lightly damaged.
You hit the gargoyle but do no damage.
The gargoyle is lightly damaged.
The gargoyle closely misses you.
You hit the gargoyle but do no damage.
The gargoyle is lightly damaged.
The gargoyle hurls a stone arrow at you.
The stone arrow hits you.
You closely miss the gargoyle.
The gargoyle is lightly damaged.
The gargoyle hits you with a +1 heavy flail!!
* * * LOW HITPOINT WARNING * * *
You hit the gargoyle.
The gargoyle is lightly damaged.
You feel yourself speed up.
The gargoyle hurls a stone arrow at you.
The stone arrow hits you!!
You die...

...............###.....≣.......≣.
.....######'#..#.###...≣.......≣.
.....#......#..#...#...≣≣≣≣'≣≣≣≣.
.....#.....##..#...#.............
.....#.....#...#...#.............
.....+.....#...#...#.............
...............#...#.............
......≈≈≈≈≈≈≈..#9..#.............
#####...≈≈≈≈≈≈.+@..#..........###
#.8....☽≈≈.#...#..........# #
#...≈≈≈≈≈≈.##+##.....###### #
#.≈≈≈≈≈≈≈... # #.......... #
####...... # #


You could see a gargoyle.

Vanquished Creatures
  A centaur warrior (D:10)
  Erica (D:8)
  A torpor snail (D:8)
  Maggie (D:6)
  An unseen horror (D:10)
  An efreet (D:10)
  2 komodo dragons (D:9)
  Sigmund (D:6)
  A wraith (D:10)
  A wyvern (D:8)
  4 yaks (D:10)
  2 humans (D:8)
  A steam dragon (D:9)
  3 basilisks (D:9)
  Menkaure (D:6)
  4 water moccasins
  An ogre (D:5)
  A sky beast (D:7)
  A black bear (D:7)
  3 centaurs
  A phantom (D:6)
  A kobold brigand (D:7)
  8 wights
  9 killer bees
  6 howler monkeys
  2 jellies
  4 hounds
  5 orc priests
  A gnoll bouda (D:7)
  A sleepcap (D:6)
  4 iguanas
  Ijyb (D:5)
  Natasha (thrice) (D:3)
  9 orc wizards
  9 mummies
  8 adders
  14 gnolls
  A white imp (D:6)
  3 worms
  4 dart slugs
  45 orcs
  9 bats
  6 endoplasms
  4 giant cockroaches
  13 goblins
  11 hobgoblins
  2 jackals (D:3)
  8 kobolds
  2 quokkas
  7 ball pythons
  2 frilled lizards (D:1)
  2 hobgoblin zombies (Ossuary)
  2 kobold zombies (Ossuary)
  4 orc zombies (Ossuary)
  5 rats
248 creatures vanquished.

Vanquished Creatures (others)
  A sky beast (D:6)
  A ball python (D:2)
2 creatures vanquished.

Grand Total: 250 creatures vanquished

Notes
Turn   | Place    | Note
-------+----------+-------------------------------------------
     0 | D:1      | Kenran the Gargoyle Fighter began the quest for the Orb.
     0 | D:1      | Reached XP level 1. HP: 14/14 MP: 1/1
   143 | D:1      | Reached skill level 1 in Axes
   199 | D:1      | Got Rurhudos's Grimoire of Lethal Malisons
   239 | D:1      | Reached XP level 2. HP: 19/19 MP: 2/2
   917 | D:2      | Reached XP level 3. HP: 21/23 MP: 3/3
  1221 | D:2      | Reached XP level 4. HP: 27/28 MP: 4/4
  1647 | D:2      | Reached XP level 5. HP: 31/32 MP: 5/5
  1777 | D:2      | Found Jotwenue's Distillery.
  1789 | D:2      | Bought a potion of curing for 39 gold pieces
  1933 | D:3      | Found a stormy altar of Qazlal.
  2072 | D:3      | Found a runed translucent door.
  2073 | D:3      | Noticed Crazy Yiuf
  2205 | D:3      | Noticed Natasha
  2216 | D:3      | Killed Natasha
  2352 | D:3      | Reached skill level 5 in Axes
  2469 | D:3      | Reached XP level 6. HP: 37/37 MP: 6/6
  2489 | D:3      | Noticed Natasha
  2496 | D:3      | Killed Natasha
  2629 | D:3      | Noticed Natasha
  2636 | D:3      | Killed Natasha
  3220 | D:4      | Identified the +0 ring mail of Day {-Cast rF+ Stlth+}
  3557 | D:4      | Found a glowing golden altar of the Shining One.
  3664 | D:4      | Identified the +8 short sword of Jaen {antimagic, rN+
                  | Dex+3}
  3805 | D:5      | Entered Level 5 of the Dungeon
  3840 | D:4      | Reached skill level 1 in Short Blades
  4009 | D:4      | Reached skill level 2 in Short Blades
  4065 | D:5      | Reached XP level 7. HP: 25/41 MP: 2/7
  4100 | D:5      | Noticed Ijyb
  4112 | D:5      | Killed Ijyb
  4113 | D:5      | Reached skill level 3 in Short Blades
  4147 | D:5      | Found a sand-covered staircase.
  4249 | Ossuary  | Entered an ossuary
  4396 | Ossuary  | Reached skill level 4 in Short Blades
  4605 | D:5      | Found Veifidie's Assorted Antiques.
  4633 | D:5      | Bought a scroll labelled WUDERU MUOC for 30 gold pieces
  4633 | D:5      | Bought a scroll labelled OTSIXI XAICK for 30 gold pieces
  4633 | D:5      | Bought a scroll labelled OTAULU GASY for 30 gold pieces
  4685 | D:5      | Found a staircase to the Ecumenical Temple.
  4715 | D:4      | Reached skill level 5 in Short Blades
  4851 | D:4      | Reached XP level 8. HP: 37/46 MP: 2/8
  5014 | D:4      | Reached skill level 6 in Short Blades
  5220 | Temple   | Entered the Ecumenical Temple
  5440 | D:5      | Noticed a +0 hand axe
  5441 | D:5      | Found a hide-covered altar of Uskayaw.
  5443 | D:5      | Noticed a +0 hand axe
  5696 | D:6      | Noticed Maggie
  5708 | D:5      | Reached skill level 7 in Short Blades
  5726 | D:6      | Killed Maggie
  5727 | D:6      | Reached skill level 8 in Short Blades
  5811 | D:6      | Found a sacrificial altar of Ru.
  5895 | D:6      | Reached XP level 9. HP: 51/51 MP: 3/9
  5899 | D:6      | Noticed Sigmund
  5913 | D:6      | Killed Sigmund
  5990 | D:6      | Noticed Menkaure
  6001 | D:6      | Killed Menkaure
  6002 | D:6      | Reached skill level 9 in Short Blades
  6154 | D:6      | Found an opulent altar of Gozag.
  6614 | D:7      | Found a shadowy altar of Dithmenos.
  6649 | D:7      | Found a broken altar of Ashenzari.
  6655 | D:7      | Noticed a hornet
  6714 | D:7      | a hornet changed into a sky beast
  7446 | D:8      | Noticed a boulder beetle
  7462 | D:8      | a boulder beetle changed into a torpor snail
  7462 | D:8      | Noticed a torpor snail
  7471 | D:8      | Killed a torpor snail
  7472 | D:8      | Reached skill level 5 in Fighting
  7522 | D:8      | Found an iron altar of Okawaru.
  7570 | D:8      | Reached skill level 1 in Evocations
  7576 | D:8      | Became a worshipper of Warmaster Okawaru
  7602 | D:8      | Reached XP level 10. HP: 60/60 MP: 3/10
  7772 | D:8      | Noticed Erica
  7788 | D:8      | Killed Erica
  7788 | D:8      | Reached * piety under Okawaru
  7789 | D:8      | Reached skill level 5 in Armour
  8130 | D:8      | Found a shimmering blue altar of Sif Muna.
  8358 | D:9      | Found Keophowo's Demolitions Depot.
  8361 | D:9      | Found a snail-covered altar of Cheibriados.
  8445 | D:9      | Found a radiant altar of Vehumet.
  8615 | D:9      | Identified the +8 trident "Naing" {drain, rF++ rN+ Will+
                  | rCorr}
  8640 | D:9      | Found an ancient bone altar of Kikubaaqudgha.
  8827 | D:9      | Reached ** piety under Okawaru
  8828 | D:9      | Reached skill level 1 in Polearms
  8926 | D:9      | Found a staircase to the Lair.
  9086 | D:10     | Entered Level 10 of the Dungeon
  9183 | D:10     | Reached skill level 5 in Polearms
  9183 | D:10     | Reached XP level 11. HP: 35/64 MP: 11/11
  9244 | D:10     | Found a glowing silver altar of Zin.
  9397 | D:10     | Found an ornate altar of the Wu Jian Council.
  9455 | D:10     | Noticed a death knight
  9455 | D:10     | Noticed a centaur warrior
  9494 | D:10     | Killed a centaur warrior
  9494 | D:10     | Reached *** piety under Okawaru
  9497 | D:10     | Noticed a rakshasa
  9516 | D:10     | Killed from afar by a gargoyle

Illustrated notes

Levels and vault maps discovered:
D:1:      dpeg_arrival_rooms_with_view, layout_basic
D:2:      layout_basic, serial_shops, shop, grunt_ministairs_3,
          guppyfry_early_orc_mine
D:3:      wander_river, layout_basic, grunt_qazlal_sundering,
          uniq_crazy_yiuf_cottage, uniq_natasha
D:4:      layout_gridville, tso_altar, minmay_unequal
D:5:      layout_cave_pools, dancing_weapons_uskayaw,
          minmay_temple_entry_purple_smoke, serial_shops,
          nicolae_shop_statue_plus, gup_ossuary_entry_pyramid, uniq_ijyb
D:6:      layout_basic, amcnicky_altar_gilded, mainiacjoe_overflow_brackets,
          nicolae_kite_square_tiling_tiny, uniq_sigmund, uniq_menkaure,
          uniq_maggie
D:7:      layout_loops_ring, overflow_temple_1_default,
          nicolae_ashenzari_panopticon, chequers_serial_rivers_marsh
D:8:      layout_loops_ring, led_sif_pool, okawaru_humans,
          amcnicky_mini_pool_small, uniq_erica
D:9:      layout_rooms, kiku_gazebo_garden_becter, vehumet_statue,
          mainiacjoe_overflow_small_starburst, erik_lair_dragon,
          nicolae_blasting_shop
D:10:     minmay_curly_fans, layout_irregular_city, mainiacjoe_overflow_catwalk,
          lightli_temple_of_fire, general_overflow_altar, minivault_28
Temple:   hellmonk_temple_of_storms

Skill      XL: |  1  2  3  4  5  6  7  8  9 10 11 |
---------------+----------------------------------+-----
Axes           | 1 2 3 4 5 6 |  6.2
Short Blades   | 2 5 8 9 |  9.9
Fighting       | 6 |  6.0
Armour         | 4 6 |  6.0
Evocations     | 1 3 |  3.0
Long Blades    | 3 |  3.8
Polearms       | 5 7 |  7.1
Shields        | |  3.2

Action                     |  1- 3 |  4- 6 |  7- 9 | 10-12 || total
---------------------------+-------+-------+-------+-------++-------
  Melee: Hand axe          |    89 |       |       |       ||    89
         War axe           |    26 |   147 |       |    40 ||   213
         Short sword       |       |    38 |   391 |       ||   429
         Scimitar          |       |       |       |    98 ||    98
         Trident           |       |       |       |   115 ||   115
 Invoke: Heroism           |       |       |       |     1 ||     1
  Evoke: Wand              |       |       |     5 |       ||     5
    Use: Potion            |       |     1 |     1 |     2 ||     4
         Scroll            |       |     4 |     3 |     4 ||    11
 Armour: Scale mail        |    63 |   123 |    99 |       ||   285
         Chain mail        |       |       |    59 |   140 ||   199
  Dodge: Dodged            |    47 |   102 |   117 |   124 ||   390
  Block: Buckler           |    29 |    40 |    85 |    73 ||   227
